 Dungeon Crawl Stone Soup version 0.17.1-1-g73c8601 (console) character file.

9120 Kloppie the Cleaver (level 11, -4/104 HPs)
             Began as a Hill Orc Fighter on Dec 11, 2015.
             Was a Believer of Elyvilon.
             Killed by nerve-wracking pain
             ... invoked by a shadow imp
              (13 damage)
             ... on level 11 of the Dungeon.
             The game lasted 00:17:49 (10342 turns).

Kloppie the Cleaver (Hill Orc Fighter)             Turns: 10342, Time: 00:17:49

Health: -4/104     AC: 14    Str: 25    XL:     11   Next: 41%
Magic:  14/14      EV:  8    Int:  8    God:    Elyvilon [**....]
Gold:   460        SH: 11    Dex: 13    Spells: 0 memorised, 10 levels left

rFire  . . .     SeeInvis +     S - +0 flail
rCold  . . .     Clarity  .     b - +1 scale mail
rNeg   . . .     SustAt   .     c - +0 shield
rPois  .         Gourm    .     O - +0 helmet
rElec  .         Spirit   .     p - +2 cloak
rCorr  .         Warding  .     x - +0 pair of gloves
rMut   .         Stasis   .     (no boots)
MR     .....                    H - amulet of rage
Stlth  ..........               i - ring of wizardry
                                D - ring of see invisible

@: mighty, not resistant to hostile enchantments, extremely unstealthy
A: no striking features
a: Lesser Healing, Heal Other, Divine Protection, Renounce Religion, Evoke
Berserk Rage


You were on level 11 of the Dungeon.
You worshipped Elyvilon.
Elyvilon was pleased with you.
You were not hungry.

You visited 2 branches of the dungeon, and saw 12 of its levels.

You collected 603 gold pieces.
You spent 143 gold pieces at shops.

Inventory:

Hand Weapons
 a - a +2 war axe of electrocution
 w - a +0 war axe
 S - a +0 flail (weapon)
Armour
 b - a +1 scale mail (worn)
 c - a +0 shield (worn)
 p - a +2 cloak (worn)
 x - a +0 pair of gloves (worn)
 F - a +0 plate armour
 O - a +0 helmet (worn)
Jewellery
 i - a ring of wizardry (right hand)
 l - an uncursed ring of ice
 m - an uncursed ring of stealth
 D - a ring of see invisible (left hand)
 H - an amulet of rage (around neck)
Wands
 d - a wand of flame (33)
 y - a wand of digging (13)
 C - a wand of fire (5)
 N - a wand of fireball (13)
Scrolls
 j - 2 scrolls of enchant armour
 k - 2 scrolls of recharging
 q - a scroll of blinking
 r - 3 scrolls of amnesia
 u - a scroll of magic mapping
 v - 2 scrolls of fog
 E - 3 scrolls of teleportation
 I - a scroll of enchant weapon
 P - 3 scrolls of remove curse
Potions
 f - 2 potions of lignification
 h - a potion of might
 t - a potion of ambrosia
 z - 6 potions of curing
 G - a potion of haste
 M - 3 potions of flight
 Q - a potion of cancellation
 R - a potion of magic {unknown}
Books
 n - the Guide on Vitriolic Creation
   (You found it on level 4 of the Dungeon)

   Spells                             Type                      Level
   a - Summon Butterflies             Summoning                    1
   b - Ignite Poison                  Fire/Transmutation/Poison    3
   c - Recall                         Summoning/Translocation      3
   d - Summon Ice Beast               Ice/Summoning                4
   e - Olgreb's Toxic Radiance        Poison                       4
   f - Alistair's Intoxication        Transmutation/Poison         4
 o - a book of Annihilations

   Spells                             Type                      Level
   a - Poison Arrow                   Conjuration/Poison           6
   b - Chain Lightning                Conjuration/Air              8
   c - Lehudib's Crystal Spear        Conjuration/Earth            8
   d - Glaciate                       Conjuration/Ice              9
   e - Fire Storm                     Conjuration/Fire             9
Miscellaneous
 J - an ornate deck of wonders
 L - a plain deck of destruction
Comestibles
 e - 8 bread rations
 g - 6 meat rations
 s - 3 beef jerkies
 A - 10 royal jellies
 B - a slice of pizza
 K - 3 fruits


   Skills:
 - Level 12.1 Fighting
 - Level 14.4 Axes
 - Level 6.8 Armour
 - Level 6.9 Shields
 + Level 5.3 Invocations


You had 10 spell levels left.
You didn't know any spells.

Dungeon Overview and Level Annotations

Branches:
Dungeon (11/15)            Temple (1/1) D:7            Lair (0/8) D:9
    Orc: D:9-12

Altars:
Ashenzari
Cheibriados
Dithmenos
Elyvilon
Fedhas
Gozag
Kikubaaqudgha
Makhleb
Nemelex Xobeh
Okawaru
Qazlal
Ru
Sif Muna
Trog
Vehumet
Xom
Yredelemnul
Zin
The Shining One
Jiyva

Shops:
D:6 [   D:9 *


Message History

You block the four-headed hydra's attack.
The four-headed hydra bites you!
* * * LOW HITPOINT WARNING * * *
The four-headed hydra closely misses you.
The shadow imp hits you but does no damage.
You sock the four-headed hydra!
You kill the four-headed hydra!
Your Invocations skill gained 2 levels and is now at level 5!
The shadow imp barely misses you.
You sock the hill giant!
The hill giant is lightly wounded.
You block the hill giant's attack.
The shadow imp hits you but does no damage.
You bludgeon the hill giant!!
The hill giant is heavily wounded.
You block the hill giant's attack. You block the shadow imp's attack.
The shadow imp hits you but does no damage.
The shadow imp gestures at you. Pain shoots through your body!
You die...

######### ############
#.......# #..C@...<..#
#.......# #..5.......# +
#.......####..........#.#
+.......#.†.H.........#.#
#.......'.##............#
#.......####..........###
######'## #..........#
##..# ########.### #..##
#.# ###


You could see a hill giant, a manticore and a shadow imp.

Vanquished Creatures
  A hydra (D:11)
  The ghost of DeXoteric the Grappler, a novice TrMo of Makhleb (D:7)
  The ghost of Cab the Zephyrmancer, a novice TeAE (D:9)
  The ghost of Kloppie the Skirmisher, a novice CeFi (D:5)
  2 two-headed ogres
  Grinder (D:3)
  Prince Ribbit (D:5)
  2 trolls (D:11)
  A wyvern (D:8)
  5 yaks (D:10)
  A water moccasin (D:9)
  6 orc warriors
  4 sky beasts
  5 ogres
  A black bear (D:8)
  4 centaurs
  A crocodile (D:11)
  2 phantoms (D:4)
  A gnoll sergeant (D:7)
  6 giant frogs
  A wyvern zombie (D:9)
  4 scorpions
  9 killer bees
  4 crimson imps
  13 jellies
  6 hounds
  A centaur zombie (D:6)
  A giant frog skeleton (D:11)
  3 centaur skeletons
  6 orc priests
  11 orc wizards
  6 worker ants
  2 hound skeletons (D:7)
  A hound zombie (D:7)
  16 gnolls
  6 adders
  A shadow imp (D:9)
  An adder zombie (D:8)
  9 oozes
  2 worms (D:2)
  An adder skeleton (D:9)
  9 giant geckos
  38 orcs
  5 giant cockroaches
  3 goblins (D:2)
  10 hobgoblins
  2 jackals (D:4)
  8 kobolds
  2 quokkas
  4 ball pythons
  A ball python skeleton (D:4)
  3 bats
  A giant gecko zombie (D:8)
  7 giant newts
  2 jackal skeletons
  11 rats
257 creatures vanquished.

Vanquished Creatures (collateral kills)
  A shadow imp (D:8)
1 creature vanquished.

Grand Total: 258 creatures vanquished

Notes
Turn   | Place    | Note
--------------------------------------------------------------
     0 | D:1      | Kloppie the Hill Orc Fighter began the quest for the Orb.
     0 | D:1      | Reached XP level 1. HP: 19/19 MP: 1/1
   157 | D:1      | Reached XP level 2. HP: 20/27 MP: 2/2
   194 | D:1      | Reached skill level 4 in Fighting
   522 | D:1      | Reached XP level 3. HP: 33/33 MP: 3/3
  1248 | D:2      | Reached XP level 4. HP: 25/41 MP: 4/4
  1503 | D:2      | Found a faded altar to an unknown god.
  1593 | D:2      | Reached skill level 5 in Fighting
  2135 | D:3      | HP: 1/42 [gnoll/halberd (8)]
  2455 | D:4      | Reached skill level 5 in Axes
  2458 | D:4      | Reached XP level 5. HP: 34/48 MP: 5/5
  2479 | D:4      | Reached skill level 6 in Fighting
  2479 | D:4      | Reached XP level 6. HP: 4/57 MP: 6/6
  2600 | D:4      | Noticed a phantom
  2781 | D:4      | Noticed a phantom
  2788 | D:4      | Killed a phantom
  2808 | D:4      | Killed a phantom
  3050 | D:4      | Reached skill level 7 in Axes
  3050 | D:4      | Reached XP level 7. HP: 34/64 MP: 7/7
  3740 | D:4      | Identified the Guide on Vitriolic Creation
  3864 | D:4      | Reached skill level 8 in Axes
  3946 | D:5      | Entered Level 5 of the Dungeon
  4275 | D:5      | Reached XP level 8. HP: 69/75 MP: 8/8
  4385 | D:5      | Noticed Prince Ribbit
  4390 | D:5      | Killed Prince Ribbit
  4390 | D:5      | Reached skill level 9 in Fighting
  4410 | D:5      | Noticed Kloppie's ghost (novice CeFi)
  4418 | D:5      | Killed Kloppie's ghost
  4418 | D:5      | Reached skill level 10 in Axes
  4645 | D:5      | Reached skill level 10 in Fighting
  4645 | D:5      | Reached XP level 9. HP: 79/85 MP: 9/9
  4767 | D:6      | Found Temutes's Antique Armour Shop.
  4780 | D:6      | Bought a glowing cloak for 117 gold pieces
  4957 | D:6      | Found a burning altar of Makhleb.
  4995 | D:6      | Reached skill level 11 in Axes
  5649 | D:7      | Found a staircase to the Ecumenical Temple.
  5678 | Temple   | Entered the Ecumenical Temple
  5846 | D:7      | Noticed DeXoteric's ghost (novice TrMo)
  5869 | D:7      | Killed DeXoteric's ghost
  5869 | D:7      | Reached skill level 12 in Axes
  6863 | D:7      | Reached XP level 10. HP: 94/97 MP: 10/10
  7063 | D:3      | Noticed Grinder
  7068 | D:3      | Paralysed by Grinder for 4 turns
  7084 | D:3      | Killed Grinder
  7084 | D:3      | Reached skill level 13 in Axes
  8049 | D:8      | Found a white marble altar of Elyvilon.
  8053 | D:8      | Became a worshipper of Elyvilon the Healer
  8059 | D:8      | Found a basalt altar of Yredelemnul.
  8066 | D:8      | Found an opulent altar of Gozag.
  8073 | D:8      | Found a snail-covered altar of Cheibriados.
  8080 | D:8      | Found a glowing golden altar of the Shining One.
  8087 | D:8      | Found a deep blue altar of Sif Muna.
  8092 | D:8      | Found a shimmering altar of Xom.
  8223 | D:8      | Found Dutei's Book Shoppe.
  8927 | D:8      | Reached skill level 5 in Shields
  9041 | D:9      | Reached skill level 5 in Armour
  9049 | D:9      | Found a viscous altar of Jiyva.
  9068 | D:9      | Found Deides's General Store.
  9076 | D:9      | Bought a scroll of identify for 26 gold pieces
  9354 | D:9      | Found a staircase to the Lair.
  9375 | D:9      | Noticed Cab's ghost (novice TeAE)
  9384 | D:9      | Killed Cab's ghost
  9384 | D:9      | Reached skill level 14 in Axes
  9407 | D:9      | Reached * piety under Elyvilon
  9536 | D:10     | Entered Level 10 of the Dungeon
  9551 | D:10     | Reached XP level 11. HP: 70/104 MP: 11/11
  9790 | D:10     | Noticed a seven-headed hydra
  9958 | D:11     | Reached skill level 1 in Invocations
 10104 | D:11     | Noticed a four-headed hydra
 10120 | D:11     | Noticed an eight-headed hydra
 10202 | D:11     | Reached ** piety under Elyvilon
 10309 | D:11     | Noticed a hill giant
 10336 | D:11     | Killed a four-headed hydra
 10336 | D:11     | Reached skill level 5 in Invocations
 10342 | D:11     | Killed from afar by a shadow imp

Action                   |  1- 3 |  4- 6 |  7- 9 | 10-12 || total
-------------------------+-------+-------+-------+-------++-------
Melee: War axe           |   129 |    98 |   215 |   309 ||   751
       Flail             |       |       |       |    17 ||    17
Evoke: Wand              |       |       |       |     1 ||     1
  Use: Potion            |       |     5 |       |     1 ||     6
       Scroll            |       |       |     7 |    11 ||    18
 Stab: Sleeping          |       |       |       |     1 ||     1
  Eat: Chunk             |     1 |     6 |    10 |    12 ||    29
       Pizza             |       |       |     1 |       ||     1
